 Dungeon Crawl Stone Soup version 0.32-a0-986-ga09f62fbf4 (webtiles) character file.

Game seed: 11408144680131180957

429286 freelancePsychic the Bringer of Light (level 22, -12/209 HPs)
             Began as a Mountain Dwarf Monk on Apr 21, 2024.
             Was the Champion of the Shining One.
             Killed from afar by a black draconian (25 damage)
             ... with a bolt of lightning
             ... on level 4 of the Depths.
             The game lasted 01:40:32 (51325 turns).

freelancePsychic the Bringer of Light (MDMo)       Turns: 51325, Time: 01:40:33

Health: -12/209    AC: 21    Str: 21    XL:     22   Next: 80%
Magic:  7/36       EV: 17    Int: 18    God:    the Shining One [******]
Gold:   2344       SH: 24    Dex: 28    Spells: 22/39 levels left

rFire   + . .        b - +6 eveningstar (heavy)
rCold   + + .        m - +1 buckler {rF+}
rNeg    + + +        y - +3 scale mail "Rovvoff" {*Corrode +Blink Regen+ Stlth+}
rPois   .            v - +0 helmet
rElec   .            Q - +0 cloak
rCorr   +            i - +0 pair of fencer's gloves {Riposte Dex+3}
SInv    .            l - +0 pair of boots of the Arcane {rC+++ Str-3 Dex+2}
Will    +++..        L - amulet of the Prince of Darkness {rC- Regen+ Str+3 Dex+3}
Stlth   +            S - ring "Hiva" {Will+ rCorr AC+4}
HPRegen 2.14/turn    p - ring "Hevvas" {rN+ Int+5 Dex+6}
MPRegen 0.25/turn

%: corrode self (3%)
@: lethally poisoned (-12 -> -13), divinely shielded, glowing
A: runic magic, artefact enchanting, deformed body, inability to drink after
injury 1
}: 2/15 runes: barnacled, gossamer
a: Renounce Religion, Evoke Blink, Divine Shield, Cleansing Flame, Summon Divine
Warrior


You were on level 4 of the Depths.
You worshipped the Shining One.
The Shining One was exalted by your worship.
You visited 8 branches of the dungeon, and saw 41 of its levels.
You visited the Abyss 1 time.

You collected 6898 gold pieces.
You spent 4554 gold pieces at shops.

Inventory:

Hand Weapons
 a - a +9 sacred scourge of holy wrath
 b - a +6 heavy eveningstar (weapon)
Missiles
 B - a throwing net
Armour
 i - the +0 pair of fencer's gloves (worn) {Riposte Dex+3}
   (You bought it in a shop on level 2 of the Orcish Mines)

   Riposte:   It allows the wearer to riposte with melee weapons, swiftly
   retaliating against missed or blocked melee attacks.
   Dex+3:     It affects your dexterity (+3).
 l - the +0 pair of boots of the Arcane (worn) {rC+++ Str-3 Dex+2}
   (You found it on level 4 of the Spider Nest)

   Str-3:     It affects your strength (-3).
   Dex+2:     It affects your dexterity (+2).
   rC+++:     It renders you almost immune to cold.
 m - a +1 buckler of fire resistance (worn)
 v - a +0 helmet (worn)
 y - the +3 scale mail "Rovvoff" (worn) {*Corrode +Blink Regen+ Stlth+}
   (You bought it in a shop on level 3 of the Dungeon)

   +Blink:    It lets you blink.
   Regen+:    It increases your rate of health regeneration.
   *Corrode:  It may corrode you when you take damage.
   Stlth+:    It makes you more stealthy.
 A - the +18 shield of the Gong {Loud rN+ Will+ rCorr EV-5}
   (You found it on level 4 of the Vaults)

   Loud:      It is deafeningly noisy when blocking attacks.
   EV-5:      It affects your evasion (-5).
   rN+:       It protects you from negative energy.
   Will+:     It increases your willpower.
   rCorr:     It protects you from acid and corrosion.
 Q - a +0 cloak (worn)
Jewellery
 f - an amulet of regeneration
 o - a +4 ring of protection
 p - the ring "Hevvas" (right hand) {rN+ Int+5 Dex+6}
   (You took it off an ironbound preserver on level 1 of the Vaults)

   [ring of positive energy]

   Int+5:     It affects your intelligence (+5).
   Dex+6:     It affects your dexterity (+6).
   rN+:       It protects you from negative energy.
 x - a ring of the Octopus King {rF+ HP+2 AC+2 EV+2 SH+2}
   (You took it off a vampire on level 12 of the Dungeon)

   [ring of protection from fire]

   AC+2:      It affects your AC (+2).
   EV+2:      It affects your evasion (+2).
   rF+:       It protects you from fire.
   HP+2:      It affects your health (+2).
   SH+2:      It affects your SH (+2).
 K - an amulet of reflection
 L - the amulet of the Prince of Darkness (around neck) {rC- Regen+ Str+3 Dex+3}
   (You found it on level 1 of the Vaults)

   [amulet of regeneration]

   Str+3:     It affects your strength (+3).
   Dex+3:     It affects your dexterity (+3).
   rC-:       It makes you vulnerable to cold.
   Regen+:    It increases your rate of health regeneration.
 M - a ring of protection from fire
 S - the ring "Hiva" (left hand) {Will+ rCorr AC+4}
   (You found it on level 1 of the Lair of Beasts)

   [ring of protection]

   AC+4:      It affects your AC (+4).
   Will+:     It increases your willpower.
   rCorr:     It protects you from acid and corrosion.
 V - a +6 ring of strength
Wands
 w - a wand of roots (19)
 D - a wand of flame (112)
 F - a wand of acid (19)
 G - a wand of digging (17)
 W - a wand of paralysis (13)
 Y - a wand of mindburst (31)
Scrolls
 d - 6 scrolls of enchant armour
 e - 6 scrolls of immolation
 h - 14 scrolls of teleportation {@r4}
 k - 6 scrolls of vulnerability
 t - a scroll of fear
 u - 3 scrolls of blinking
 C - 4 scrolls of fog
 I - 5 scrolls of noise
 P - 15 scrolls of identify {@r1}
 R - 2 scrolls of poison
 U - 8 scrolls of revelation
 X - a scroll of brand weapon
 Z - 3 scrolls of summoning
Potions
 c - 12 potions of ambrosia
 j - 5 potions of enlightenment
 n - 10 potions of brilliance
 q - 7 potions of magic
 r - 6 potions of haste {@q3}
 s - 8 potions of lignification
 z - 15 potions of curing {@q1}
 E - 6 potions of might
 H - 10 potions of attraction
 J - 2 potions of berserk rage
 N - a potion of cancellation
 O - 13 potions of mutation
Miscellaneous
 g - a phantom mirror
 T - a phial of floods


   Skills:
 - Level 20.0 Fighting
 - Level 16.0 Maces & Flails
 - Level 17.0 Armour
 - Level 9.3 Dodging
 + Level 9.8 Shields
 - Level 9.0 Spellcasting
 - Level 12.3 Summonings
 * Level 17.4 Translocations
 + Level 21.2 Invocations
 - Level 9.6 Evocations


You had 22 spell levels left.
You knew the following spells:

 Your Spells              Type           Power      Damage    Failure   Level
a - Blink                 Tloc           100%       N/A       0%          2
b - Maxwell's Portable P  Tloc           63%        2d(11-32) 1%          3
c - Summon Forest         Summ/Tloc      29%        N/A       1%          5
d - Manifold Assault      Tloc           31%        N/A       8%          7

Your spell library contained the following spells:

 Spells                   Type           Power      Damage    Failure   Level
 Apportation              Tloc           100%       N/A       0%          1
 Lesser Beckoning         Tloc           100%       N/A       0%          2
 Call Imp                 Summ           100%       N/A       1%          2
 Momentum Strike          Conj/Tloc      78%        3d10      1%          2
 Call Canine Familiar     Summ           51%        N/A       1%          3
 Teleport Other           Tloc           63%        N/A       1%          3
 Volatile Blastmotes      Fire/Tloc      78%        2d16      1%          3
 Passage of Golubria      Tloc           63%        N/A       1%          4
 Dispersal                Tloc           31%        N/A       1%          6
 Gell's Gavotte           Tloc           31%        2d(25-37) 1%          6
 Vhi's Electric Charge    Tloc/Air       78%        N/A       3%          4
 Summon Blazeheart Golem  Fire/Summ      30%        N/A       10%         4
 Foxfire                  Conj/Fire      32%        2x1d5     12%         1
 Freeze                   Ice            32%        1d5       12%         1
 Kiss of Death            Conj/Necr      32%        2d7       12%         1
 Magic Dart               Conj           32%        1d4       12%         1
 Summon Cactus Giant      Summ           25%        N/A       12%         6
 Ensorcelled Hibernation  Hex/Ice        16%        N/A       19%         2
 Jinxbite                 Hex            16%        N/A       19%         2
 Mercury Vapours          Alch/Air       16%        N/A       19%         2
 Sublimation of Blood     Necr           8%         N/A       19%         2
 Summon Mana Viper        Hex/Summ       30%        N/A       26%         5
 Frozen Ramparts          Ice            16%        1d3       34%         3
 Fugue of the Fallen      Necr           8%         N/A       34%         3
 Hailstorm                Conj/Ice       8%         3d5       34%         3
 Mephitic Cloud           Conj/Alch/Air  8%         N/A       34%         3
 Vampiric Draining        Necr           8%         2d6       34%         3
 Disjunction              Tloc           31%        N/A       52%         8
 Monstrous Menagerie      Summ           25%        N/A       54%         7
 Anguish                  Hex/Necr       4%         N/A       75%         4
 Dispel Undead            Necr           8%         3d8       75%         4
 Olgreb's Toxic Radiance  Alch           8%         N/A       75%         4
 Petrify                  Alch/Erth      8%         N/A       75%         4
 Sticky Flame             Fire/Alch      8%         2d4       75%         4
 Alistair's Intoxication  Alch           5%         N/A       97%         5
 Freezing Cloud           Conj/Ice/Air   4%         6-21      97%         5
 Irradiate                Conj/Alch      4%         3d13      97%         5
 Yara's Violent Unravell  Hex/Alch       4%         3d4       97%         5
 Conjure Ball Lightning   Conj/Air       4%         3x3d6     100%        6
 Plasma Beam              Fire/Air       4%         2x1d14    100%        6
 Starburst                Conj/Fire      4%         6d3       100%        6
 Enfeeble                 Hex            4%         N/A       100%        7
 Orb of Destruction       Conj           4%         9d5       100%        7
 Ozocubu's Refrigeration  Ice            4%         4d8       100%        7
 Spellforged Servitor     Conj/Summ      15%        N/A       100%        7
 Discord                  Hex            4%         N/A       100%        8
 Fulsome Fusillade        Conj/Alch      4%         (3-5)d4   100%        8


Dungeon Overview and Level Annotations

Branches:
Dungeon (15/15)            Temple (0/1) D:7            Lair (5/5) D:8
 Shoals (4/4) Lair:3       Spider (4/4) Lair:2        Slime (0/5) Lair:5
    Orc (2/2) D:12            Elf (3/3) Orc:2        Vaults (4/5) D:14
  Crypt (0/3) Vaults:3     Depths (4/4) D:15
    Zot: Depths:4

Altars:
Cheibriados
Dithmenos
Fedhas
Gozag
Okawaru
Qazlal
Ru
Uskayaw
Vehumet
The Shining One
Beogh
Jiyva

Shops:
D:1 :   D:2 ?!:   D:3 [   D:5 *   D:11 (   D:13 :   D:15 *   Orc:2 *::![
Elf:1 ::!(*   Elf:2 :   Shoals:1 !   Shoals:3 :   Depths:1 =::   Depths:2 *

Portals:
Hell: Depths:1 Depths:2 Depths:3 Depths:4
Abyss: Depths:3
Pandemonium: Depths:2
Ziggurat: Depths:1
Trove: Depths:3 (show abyssal rune of Zot)

Annotations:
D:3 1 runed translucent door, Crazy Yiuf
D:15 exclusion: orange crystal statue
Vaults:4 3 runed translucent doors
Depths:4 exclusion: orange crystal statue


Innate Abilities, Weirdness & Mutations

Your spellcasting is much less encumbered by armour.
You can use scrolls of enchantment on lesser artefacts.
Armour fits poorly on your strangely shaped body.
You occasionally lose the ability to drink potions when taking damage.


Message History

You are engulfed in dark miasma.
You are more poisoned.
* * * LOW HITPOINT WARNING * * *
You feel extremely sick. The Tzitzimitl engulfs you!
* * * LOW HITPOINT WARNING * * *
The Tzitzimitl drains your vigour!
You feel yourself slow down. You block the Tzitzimitl's attack.
You riposte.
You perforate the Tzitzimitl like a sieve!!!
The Tzitzimitl is almost dead.
A Tzitzimitl comes into view.
You thump the Tzitzimitl!
You kill the Tzitzimitl!
The Shining One accepts your kill.
You feel better.
You feel extremely sick. The Tzitzimitl engulfs you!
* * * LOW HITPOINT WARNING * * *
The Tzitzimitl drains your vigour!
You feel as though you will be slow longer.
You block the Tzitzimitl's attack.
You hear a faint sloshing from your phial of floods as it returns to readiness.
A bone dragon comes into view.
Blink to where?
Press: ? - help, Dir - move target
As you read the scroll of blinking, it crumbles to dust.
You feel extremely sick.
Your magical effects are unravelling.
You feel magically purged.
You feel yourself speed up.
The infernal howling subsides.
You feel very sick.
Okay, then.
You enter a teleport trap!
The teleport trap disappears.
Your surroundings suddenly seem different.
A black draconian comes into view. It is wielding a +0 glaive.
You feel very sick.
The black draconian breathes lightning at you.
The bolt of lightning hits you!!
You die...

#..#.##.D.#..#
.....#'#...###...###..
.............1...######
..~~......##.#.....#
...d.....##..#)≈≈~..#
..............)~~..##
.................#
#........#...###
#..@.....#####
..........~....
......##..~.... ......
..~.... ..... .......
#.... ....... ##..
....##. ##. ....#


You could see a Tzitzimitl and a black draconian (catching breath).

Vanquished Creatures
  Boris (twice) (Vaults:1 Depths:4)
  2 golden dragons
  3 caustic shrikes
  2 bone dragons (Depths:4)
  2 doom hounds (Depths:4)
  A Tzitzimitl (Depths:4)
  2 liches
  Zenata (Vaults:1)
  A deep elf blademaster (Elf:3)
  Grunn (Depths:4)
  2 deep elf master archers (Elf:3)
  An ancient champion (Depths:4)
  A tentacled starspawn (Abyss:3)
  2 sphinxes (Vaults:4)
  3 tengu reavers
  3 shadow dragons
  A storm dragon (Depths:4)
  4 deep elf sorcerers (Elf:3)
  6 frost giants
  5 emperor scorpions
  13 vault wardens
  A draconian shifter (Depths:4)
  A balrug (Depths:4)
  7 ghost moths
  5 fire giants
  Louise (Elf:2)
  6 deep elf elementalists (Elf:3)
  4 spriggan defenders
  A draconian annihilator (Depths:4)
  An orc warlord (Vaults:4)
  16 ironbound preservers
  11 very ugly things
  A formless jellyfish (Vaults:1)
  7 stone giants
  2 broodmothers
  7 deep elf death magi (Elf:3)
  8 ironbound thunderhulks
  2 vampire knights
  A purple draconian (Depths:4)
  A putrid mouth (Depths:4)
  A white draconian (Depths:4)
  15 spark wasps
  4 deep elf annihilators
  5 dire elephants
  A lorocyproca (Depths:2)
  3 ettins
  6 merfolk impalers
  5 fire dragons
  3 merfolk javelineers
  A blizzard demon (Depths:2)
  6 yaktaur captains
  A crystal guardian (Vaults:4)
  4 deep elf high priests
  4 entropy weavers
  4 hydras
  3 rakshasas
  3 great orbs of eyes
  7 vault guards
  8 ice dragons
  A hell beast (Depths:4)
  7 ironbound frosthearts
  3 ogre magi
  19 centaur warriors
  A death knight (Vaults:3)
  4 catoblepae
  5 spriggan air magi
  13 two-headed ogres
  3 jorogumos
  A peacekeeper (Vaults:4)
  12 boulder beetles
  2 merfolk aquamancers (Shoals:2)
  28 dancing weapons
  6 merfolk avatars
  3 radroaches
  7 death yaks (Lair:5)
  A deep troll shaman (Depths:2)
  5 satyrs
  6 demonic crawlers
  Urug (Lair:1)
  4 deep troll earth magi
  A spriggan berserker (Depths:2)
  7 tengu warriors
  3 orc high priests (Elf:1)
  A soul eater (Depths:2)
  4 vampire magi
  19 deep elf knights
  13 hell knights
  A fire crab (shapeshifter) (Elf:1)
  3 thrashing horrors (Abyss:3)
  A fire crab (Shoals:4)
  10 pharaoh ants
  7 skysharks
  A skyshark (shapeshifter) (Depths:2)
  6 deep elf archers
  A shadow wraith (Vaults:3)
  10 sea snakes
  8 iron trolls
  A death drake (Spider:2)
  3 glowing orange brains
  4 large abominations (Abyss:3)
  4 flayed ghosts
  34 deep trolls
  11 lindwurms (Vaults:1)
  A mana viper (Abyss:3)
  4 sun moths
  3 orb spiders
  4 arcanists
  3 phantasmal warriors
  11 ironbound convokers
  9 thermic dynamos
  6 harpies
  8 wolf spider zombies (Spider:1)
  An obsidian bat (Orc:1)
  15 deep elf pyromancers
  6 necromancers
  A steelbarb worm (shapeshifter) (Depths:3)
  3 orc sorcerers
  6 orc knights
  11 cyclopes
  4 steelbarb worms
  19 wolf spiders
  38 ugly things
  22 deep elf zephyrmancers
  Maurice (D:11)
  6 fauns
  18 manticores
  6 elephants (Lair:3)
  A moth of wrath (shapeshifter) (Depths:2)
  7 moths of wrath
  3 meliai (Spider:1)
  3 black mambas
  2 fire giant skeletons (Vaults:2)
  A human skeleton (Vaults:2)
  14 merfolk sirens
  4 torpor snails
  An orange demon (Abyss:3)
  17 vault sentinels
  9 cane toads
  A smoke demon (Depths:2)
  4 water nymphs
  A gargoyle (D:10)
  3 unseen horrors
  4 rime drakes
  6 komodo dragons
  2 kobold demonologists (D:13)
  31 yaktaurs
  3 efreet
  Psyche (D:9)
  3 redback zombies (Spider:1)
  5 tengu conjurers
  31 merfolk
  12 trolls
  2 polar bears
  A merfolk (shapeshifter) (Vaults:4)
  A troll (shapeshifter) (Elf:2)
  8 wind drakes
  A raiju (shapeshifter) (Elf:3)
  31 tarantellas
  Grinder (D:3)
  30 jumping spiders
  6 hornets
  10 tarantella zombies (Spider:1)
  A dream sheep (shapeshifter) (Depths:3)
  4 raiju (Abyss:3)
  A hornet (shapeshifter) (D:11)
  Prince Ribbit (Lair:3)
  13 blink frogs
  10 dream sheep
  10 snapping turtles
  2 glass eyes
  3 culicivora zombies (Spider:1)
  24 culicivoras
  20 slime creatures
  4 wyverns
  An air elemental (Elf:2)
  4 shadows
  A centaur simulacrum (D:15)
  A spriggan (shapeshifter) (Elf:1)
  6 wraiths
  18 water elementals
  4 spriggans (Depths:3)
  6 starcursed masses (Abyss:3)
  Eustachio (D:4)
  54 yaks
  6 wargs
  2 humans (D:10)
  A warg (shapeshifter) (D:14)
  4 fire elementals
  2 fire bats (Shoals:4)
  4 vampires
  7 basilisks
  49 redbacks
  A chaos spawn (Abyss:3)
  2 neqoxecs (Abyss:3)
  Menkaure (D:4)
  11 vampire mosquitoes
  An acid dragon (shapeshifter) (Elf:1)
  16 water moccasins
  15 orc warriors
  4 sky beasts (D:7)
  An ice beast (shapeshifter) (Vaults:1)
  An ice beast (D:5)
  4 black bears
  26 ogres
  20 wolves
  4 boggarts (Vaults:1)
  18 centaurs
  2 phantoms (D:5)
  9 bullfrogs
  7 kobold brigands
  7 scorpions
  2 gnoll sergeants (D:10)
  An earth elemental (Elf:3)
  15 wights
  6 killer bees (D:10)
  10 howler monkeys
  2 electric eels
  4 bombardier beetles
  4 hounds
  A jelly (D:6)
  12 orc priests
  A gnoll bouda (D:7)
  2 iguanas
  An iron imp (Abyss:2)
  2 sleepcaps (D:5)
  18 orc wizards
  Robin (D:4)
  4 gnolls (D:5)
  8 adders
  A shadow imp (D:5)
  A howler monkey simulacrum (D:10)
  2 white imps
  A ribbon worm (shapeshifter) (Depths:3)
  4 dart slugs
  3 ribbon worms
  63 orcs
  12 bats
  5 endoplasms
  4 giant cockroaches
  13 goblins
  7 hobgoblins
  6 jackals
  4 quokkas
  5 ball pythons
  A frilled lizard (D:2)
  23 kobolds
  4 rats
  A spectral weapon (Elf:3)
1644 creatures vanquished.

Vanquished Creatures (collateral kills)
  Frederick (Vaults:1)
  Gastronok (Lair:1)
  4 deep elf sorcerers (Elf:3)
  2 deep elf elementalists (Elf:3)
  2 very ugly things (Depths:3)
  A spark wasp (Spider:3)
  2 dire elephants (Vaults:2)
  A merfolk javelineer (Shoals:4)
  2 merfolk impalers
  A fire dragon (Depths:2)
  A deep elf high priest (Elf:3)
  4 merfolk aquamancers (Shoals:4)
  A death knight (Vaults:3)
  3 hell knights
  A flayed ghost (Depths:3)
  A sea snake (Shoals:4)
  A glowing orange brain (shapeshifter) (Depths:3)
  A harpy (Shoals:2)
  A necromancer (Depths:3)
  A wolf spider (Spider:4)
  An ugly thing (Depths:3)
  2 manticores
  2 merfolk
  A hornet (Depths:3)
  A snapping turtle (Shoals:4)
  A spriggan (Depths:3)
  A water elemental (Shoals:2)
41 creatures vanquished.

Vanquished Creatures (others)
  A fire giant (Depths:2)
  A deep elf knight (Elf:3)
  3 deep elf pyromancers
  A manticore (Shoals:4)
  A kobold (D:10)
  7 snaplasher vines
  A starspawn tentacle (Abyss:3)
15 creatures vanquished.

Grand Total: 1700 creatures vanquished

Notes
Turn   | Place    | Note
-------+----------+-------------------------------------------
     0 | D:1      | freelancePsychic the Mountain Dwarf Monk began the quest
                  | for the Orb.
     0 | D:1      | Reached XP level 1. HP: 19/19 MP: 1/1
    68 | D:1      | Found a faded altar of an unknown god.
   113 | D:1      | Prayed at the altar of an unknown god.
   113 | D:1      | Became a worshipper of the Shining One
   113 | D:1      | Reached * piety under the Shining One
   113 | D:1      | Reached ** piety under the Shining One
   122 | D:1      | Reached XP level 2. HP: 26/26 MP: 2/2
   220 | D:1      | Found Orpheor's Vocational Training.
   542 | D:1      | Reached skill level 1 in Invocations
   822 | D:2      | Reached *** piety under the Shining One
   885 | D:2      | Found Yxte's Book Emporium.
   909 | D:2      | Found Lacvusk's Distillery.
   918 | D:2      | Bought a potion of might for 44 gold pieces
   975 | D:2      | Found Pidaut Cusi's Magic Scroll Emporium.
   986 | D:2      | Bought a scroll of identify for 24 gold pieces
  1057 | D:2      | Reached XP level 3. HP: 21/33 MP: 3/3
  1578 | D:2      | Reached skill level 5 in Maces & Flails
  1798 | D:3      | Reached skill level 2 in Invocations
  1807 | D:3      | Reached XP level 4. HP: 40/40 MP: 5/5
  1918 | D:3      | Found Kawkeido's Antique Armour Shop.
  2082 | D:3      | Noticed Grinder
  2083 | D:3      | Paralysed by Grinder for 5 turns
  2118 | D:3      | Killed Grinder
  2119 | D:3      | Reached skill level 3 in Invocations
  2119 | D:3      | Reached XP level 5. HP: 30/47 MP: 5/7
  2119 | D:3      | Reached XP level 6. HP: 34/53 MP: 5/8
  2406 | D:3      | Found a runed translucent door.
  2407 | D:3      | Noticed Crazy Yiuf
  2543 | D:4      | Noticed Menkaure
  2555 | D:4      | Killed Menkaure
  2556 | D:4      | Reached skill level 5 in Fighting
  2556 | D:4      | Reached skill level 4 in Invocations
  2631 | D:4      | Noticed Eustachio
  2651 | D:4      | Killed Eustachio
  2652 | D:4      | Reached XP level 7. HP: 44/61 MP: 10/10
  2941 | D:4      | Noticed Robin
  2952 | D:4      | Killed Robin
  3089 | D:4      | Reached skill level 5 in Invocations
  3591 | D:5      | Entered Level 5 of the Dungeon
  3893 | D:5      | Reached XP level 8. HP: 60/70 MP: 12/12
  3929 | D:5      | Reached **** piety under the Shining One
  3976 | D:5      | Reached skill level 6 in Invocations
  4400 | D:3      | Bought a masterwork scale mail for 288 gold pieces
  4400 | D:3      | Identified the +3 scale mail "Rovvoff" {*Corrode +Blink
                  | Regen+ Stlth+} (You bought it in a shop on level 3 of the
                  | Dungeon)
  4590 | D:5      | Found Ipacw's General Store.
  4738 | D:6      | Reached skill level 10 in Maces & Flails
  4753 | D:6      | Reached skill level 7 in Invocations
  4761 | D:6      | Reached XP level 9. HP: 34/79 MP: 14/14
  5105 | D:6      | Found a sacrificial altar of Ru.
  5401 | D:7      | Reached skill level 8 in Invocations
  5682 | D:7      | Paralysed by a hornet for 1 turns
  5687 | D:7      | Paralysed by a hornet for 1 turns
  5689 | D:7      | Reached skill level 9 in Invocations
  5800 | D:7      | Found a glowing golden altar of the Shining One.
  5920 | D:7      | Found a staircase to the Ecumenical Temple.
  5991 | D:7      | Reached XP level 10. HP: 83/90 MP: 16/16
  6175 | D:8      | Identified the +0 shortbow of Ehob {flame, Str+2}
  6350 | D:8      | Reached skill level 1 in Armour
  6463 | D:8      | Found a staircase to the Lair.
  6500 | D:8      | Identified the +0 rapier "Onun" {freeze, rF+ rCorr Dex-3}
  6656 | D:8      | Found a radiant altar of Vehumet.
  6949 | D:9      | Found a blossoming altar of Fedhas.
  7191 | D:9      | Reached ***** piety under the Shining One
  7562 | D:9      | Noticed Psyche
  7568 | D:9      | Killed Psyche
  7766 | D:10     | Entered Level 10 of the Dungeon
  7897 | D:10     | Reached XP level 11. HP: 95/99 MP: 18/18
  7902 | D:10     | Reached skill level 10 in Fighting
  7932 | D:10     | Noticed an orc knight
  7934 | D:10     | Noticed an orc sorcerer
  7943 | D:10     | Killed an orc knight
  7955 | D:10     | Reached skill level 15 in Maces & Flails
  7955 | D:10     | Reached skill level 5 in Armour
  7959 | D:10     | Killed an orc sorcerer
  7981 | D:10     | Noticed an orc sorcerer
  7989 | D:10     | Noticed an orc knight
  7998 | D:10     | Killed an orc sorcerer
  7999 | D:10     | Noticed an orc knight
  8147 | D:10     | Killed an orc knight
  8205 | D:10     | Found a shadowy altar of Dithmenos.
  8243 | D:10     | Noticed a tengu warrior
  8251 | D:10     | Noticed a green ugly thing
  8274 | D:10     | Killed a tengu warrior
  8298 | D:10     | Killed a green ugly thing
  8563 | D:10     | Killed an orc knight
  8638 | D:10     | Found an iron altar of Okawaru.
  8752 | D:10     | Found a hide-covered altar of Uskayaw.
  8782 | D:10     | Noticed a boulder beetle
  8817 | D:10     | Killed a boulder beetle
  8818 | D:10     | Reached skill level 10 in Invocations
  8918 | D:11     | Reached XP level 12. HP: 102/110 MP: 19/19
  8930 | D:11     | Noticed Maurice
  8940 | D:11     | Killed Maurice
  9032 | D:11     | Found Vottaele's Weapon Boutique.
  9108 | D:11     | Noticed a boulder beetle
  9343 | D:11     | Noticed Sonja
  9346 | D:11     | Sonja changed into Sonja the shapeshifter
  9346 | D:11     | Noticed Sonja
  9347 | D:11     | Sonja the shapeshifter changed into Sonja the hornet
  9347 | D:11     | Noticed Sonja (shapeshifter)
  9355 | D:11     | Killed Sonja the hornet
  9459 | D:11     | Killed a boulder beetle
  9460 | D:11     | Reached skill level 11 in Invocations
  9933 | Lair:1   | Entered Level 1 of the Lair of Beasts
 10186 | Lair:1   | Identified the ring "Hiva" {Will+ rCorr AC+4}
 10190 | Lair:1   | Noticed Gastronok
 10202 | Lair:1   | Killed Gastronok
 10449 | Lair:1   | Noticed Urug
 10467 | Lair:1   | Killed Urug
 10468 | Lair:1   | Reached skill level 12 in Invocations
 10541 | Lair:1   | Found a snail-covered altar of Cheibriados.
 11051 | Lair:2   | Found a hole to the Spider Nest.
 11096 | Lair:2   | Reached skill level 10 in Armour
 11100 | Lair:2   | Reached skill level 1 in Translocations
 11290 | Lair:2   | Noticed a boulder beetle
 11340 | Lair:2   | Killed a boulder beetle
 11341 | Lair:2   | Reached XP level 13. HP: 94/122 MP: 22/22
 11901 | D:5      | Bought a scroll of acquirement for 676 gold pieces
 11901 | D:5      | Acquired 1009 gold pieces
 12039 | D:1      | Bought a manual of Invocations for 880 gold pieces
 12266 | Lair:3   | Found a staircase to the Shoals.
 12498 | Lair:3   | You fall into a shaft and drop 1 floor!
 12638 | Lair:4   | Reached skill level 13 in Invocations
 12867 | Lair:4   | Identified the +4 falchion "Zimoc" {flame, Will+}
 13052 | Lair:4   | Learned a level 2 spell: Blink
 13377 | Lair:5   | Entered Level 5 of the Lair of Beasts
 13479 | Lair:5   | Reached skill level 14 in Invocations
 13653 | Lair:5   | Found a viscous altar of Jiyva.
 13653 | Lair:5   | Found a staircase to the Slime Pits.
 14441 | Lair:5   | Reached skill level 15 in Invocations
 14612 | Lair:5   | Reached skill level 5 in Translocations
 14612 | Lair:5   | Reached XP level 14. HP: 93/133 MP: 22/25
 15123 | Lair:5   | Reached skill level 16 in Invocations
 15688 | Lair:3   | Reached skill level 15 in Fighting
 15782 | Lair:3   | Noticed Prince Ribbit
 15803 | Lair:3   | Killed Prince Ribbit
 16187 | D:8      | Learned a level 3 spell: Maxwell's Portable Piledriver
 16293 | D:12     | Found a stormy altar of Qazlal.
 16878 | D:12     | Identified the ring of Bathril {Ice Int+5 Dex+4}
 17043 | D:12     | Found a staircase to the Orcish Mines.
 17109 | D:12     | Found the ring of the Octopus King {rF+ HP+2 AC+2 EV+2
                  | SH+2}
 17310 | D:12     | Reached skill level 17 in Invocations
 17806 | D:13     | Found Anuhu's Self-Improvement Boutique.
 17833 | D:13     | Reached skill level 1 in Shields
 18221 | D:14     | Reached skill level 18 in Invocations
 18436 | D:14     | Reached XP level 15. HP: 141/141 MP: 28/28
 18615 | D:14     | Found a gate to the Vaults.
 18621 | D:14     | Reached skill level 1 in Evocations
 19243 | D:15     | Entered Level 15 of the Dungeon
 19317 | D:15     | Found Gozag's Platinum Reserve.
 19317 | D:15     | Found an opulent altar of Gozag.
 19572 | D:15     | Reached ****** piety under the Shining One
 19811 | D:15     | Found a staircase to the Depths.
 20408 | Orc:1    | Entered Level 1 of the Orcish Mines
 20591 | Orc:1    | Found a roughly hewn altar of Beogh.
 20861 | Orc:2    | Entered Level 2 of the Orcish Mines
 20917 | Orc:2    | Found a staircase to the Elven Halls.
 21075 | Orc:2    | Reached skill level 5 in Shields
 21166 | Orc:2    | Found Ziegehi's Book Emporium.
 21167 | Orc:2    | Found Lahyf's Antique Armour Emporium.
 21264 | Orc:2    | Found Ramela Rulat's Book Shop.
 21269 | Orc:2    | Paralysed by an ogre mage for 3 turns
 21287 | Orc:2    | Found Dukiurgh's Distillery.
 21293 | Orc:2    | Found Fiaqomut's General Store.
 21296 | Orc:2    | Bought a potion of might for 56 gold pieces
 21296 | Orc:2    | Bought 2 potions of curing for 84 gold pieces
 21303 | Orc:2    | Bought a scroll of blinking for 105 gold pieces
 21557 | Orc:2    | Found a roughly hewn altar of Beogh.
 21639 | Orc:2    | Bought the +0 pair of fencer's gloves {Riposte Dex+3} for
                  | 1120 gold pieces
 21639 | Orc:2    | Found the +0 pair of fencer's gloves {Riposte Dex+3}
 21874 | Shoals:1 | Entered Level 1 of the Shoals
 21887 | Shoals:1 | Reached skill level 5 in Evocations
 21987 | Shoals:1 | Found Tuin's Distillery.
 22005 | Shoals:1 | Bought a potion of heal wounds for 50 gold pieces
 22005 | Shoals:1 | Bought a potion of heal wounds for 50 gold pieces
 22005 | Shoals:1 | Bought a potion of might for 40 gold pieces
 22367 | Shoals:1 | Reached XP level 16. HP: 102/152 MP: 29/29
 23818 | Shoals:3 | Found Illatt's Book Emporium.
 24223 | Spider:1 | Entered Level 1 of the Spider Nest
 24285 | Spider:1 | Reached skill level 15 in Armour
 24516 | Spider:2 | Paralysed by a jorogumo for 2 turns
 25537 | Spider:2 | Reached XP level 17. HP: 162/162 MP: 30/30
 27331 | Spider:4 | Entered Level 4 of the Spider Nest
 27811 | Spider:4 | Reached skill level 1 in Summonings
 27830 | Spider:4 | Reached skill level 1 in Spellcasting
 27830 | Spider:4 | Reached skill level 10 in Translocations
 29249 | Spider:4 | Identified the +0 pair of boots of the Arcane {rC+++ Str-3
                  | Dex+2}
 29257 | Spider:4 | Got a gossamer rune of Zot
 29725 | Spider:1 | Reached XP level 18. HP: 173/173 MP: 31/31
 30404 | Shoals:4 | Entered Level 4 of the Shoals
 30480 | Shoals:4 | Reached skill level 5 in Summonings
 30553 | Shoals:4 | Learned a level 5 spell: Summon Forest
 30694 | Shoals:4 | Identified the +2 eveningstar of Disarray {vamp, rPois
                  | rCorr Str-5 Stlth+}
 30865 | Shoals:4 | Identified the +7 dagger of the Singing Weasel {heavy,
                  | *Slow rElec rPois rC++ SInv}
 31187 | Shoals:4 | Identified the +0 robe "Valotuf" {-Tele +Inv Str+5 Dex+2}
 31349 | Shoals:4 | Reached skill level 5 in Spellcasting
 31349 | Shoals:4 | Identified the +9 tower shield of Plasticity {rN+ Slay+2
                  | Stlth-}
 31469 | Shoals:4 | Got a barnacled rune of Zot
 32302 | Elf:1    | Entered Level 1 of the Elven Halls
 32651 | Elf:1    | Found Vyoxuwevod's Distillery.
 32651 | Elf:1    | Found Ruots's Book Shop.
 32653 | Elf:1    | Found Ihofaon's Book Shop.
 32658 | Elf:1    | Found Poaheug's Weapon Boutique.
 32784 | Elf:1    | Bought a potion of heal wounds for 75 gold pieces
 32788 | Elf:1    | Bought a book of the Warp for 992 gold pieces
 32796 | Elf:1    | Learned a level 7 spell: Manifold Assault
 33156 | Elf:1    | Found Ecog Secre's Assorted Antiques.
 33920 | Elf:2    | Found Qifeomm's Book Boutique.
 33966 | Elf:2    | Paralysed by an air elemental for 1 turns
 33968 | Elf:2    | Paralysed by an air elemental for 1 turns
 34023 | Elf:2    | Reached XP level 19. HP: 177/185 MP: 32/32
 34164 | Elf:2    | Found a runed translucent gate.
 34165 | Elf:2    | Found a runed translucent gate.
 34165 | Elf:2    | Found a runed translucent gate.
 34813 | Elf:3    | Entered Level 3 of the Elven Halls
 34829 | Elf:3    | Noticed Louise
 34885 | Elf:2    | Killed Louise
 35506 | Elf:3    | Identified the +10 battleaxe "Bunwou" {protect, rElec Will+
                  | Stlth+}
 35511 | Elf:3    | Reached skill level 10 in Summonings
 35833 | Elf:2    | HP: 5/187 [deep elf annihilator/iron shot (31)]
 36110 | Elf:3    | Identified the +8 dagger of the Special Seers {vamp, Dex+3}
 36162 | Elf:3    | Got the Guidebook on the Wayfarer
 36209 | Elf:3    | Identified the staff "Reroilae" {rElec Str+4 Ice Air}
 36293 | Elf:3    | Identified the +8 war axe of the Gnashing Seer {elec, rC+}
 36302 | Elf:3    | Identified the amulet of the Sky {Spirit rElec}
 36304 | Elf:3    | Identified the +1 battleaxe of Might {vamp, rC+ Dex+4}
 36339 | Elf:3    | Identified the ring "Ugguil" {Ice Int+8}
 36342 | Abyss:2  | Cast into level 2 of the Abyss (a deep elf sorcerer)
 36431 | Abyss:3  | Paralysed by accursed screaming for 1 turns
 36571 | Abyss:3  | Gained mutation: You occasionally lose the ability to drink
                  | potions when taking damage. [a neqoxec]
 36599 | Elf:3    | Escaped the Abyss
 36657 | Elf:3    | Got the Exposition on Gloomy Causimancy
 36671 | Elf:3    | Got the Tractate on Mustering
 36672 | Elf:3    | Identified the +5 plate armour of Qikout {rC- rN+++ rCorr
                  | Int-2}
 36908 | Depths:1 | Entered Level 1 of the Depths
 36975 | Depths:1 | Reached XP level 20. HP: 84/193 MP: 30/33
 37099 | Depths:1 | Noticed a caustic shrike
 37105 | Depths:1 | Killed a caustic shrike
 37366 | Depths:1 | Found a one-way gateway to a ziggurat.
 37863 | Depths:1 | Found a gateway to Hell.
 37962 | Depths:1 | Found Nezeusasche's Jewellery Boutique.
 37962 | Depths:1 | Found Rofig's Book Shoppe.
 37963 | Depths:1 | Found Yhiroxel's Book Shoppe.
 38091 | Depths:2 | Found a one-way gate leading to the halls of Pandemonium.
 38389 | Depths:2 | Found Cecoruoxt's General Store.
 38399 | Depths:2 | Bought a potion of heal wounds for 70 gold pieces
 38831 | Depths:2 | Identified a +3 sacred scourge of holy wrath (a +1 demon
                  | whip of pain blessed by the Shining One)
 38831 | Depths:2 | Received a gift from the Shining One
 39265 | Depths:2 | Reached skill level 5 in Dodging
 40108 | Vaults:1 | Entered Level 1 of the Vaults
 40537 | Vaults:1 | Identified the +3 robe "Anausevo" {Int-3 Dex+6}
 40537 | Vaults:1 | Noticed Boris
 40545 | Vaults:1 | Killed Boris
 41010 | Vaults:1 | Identified the ring "Hevvas" {rN+ Int+5 Dex+6}
 41087 | Vaults:1 | Identified the amulet of the Prince of Darkness {rC- Regen+
                  | Str+3 Dex+3}
 41088 | Vaults:1 | Identified the +2 pair of boots of Ebliegh {rF+ rC- Str+3}
 41113 | Vaults:1 | Identified the +0 ring mail of Wufut Sopt {+Inv rElec Will+
                  | Slay-3}
 41330 | Vaults:1 | Noticed Zenata
 41348 | Vaults:1 | Killed Zenata
 41454 | Vaults:1 | Reached XP level 21. HP: 181/201 MP: 22/34
 41459 | Vaults:1 | Gained mutation: Armour fits poorly on your strangely
                  | shaped body. [mutagenic glow]
 41927 | Vaults:1 | Identified the +0 pair of gloves "Luosuas" {MP+9 Int+2}
 42668 | Vaults:2 | Identified the orb "Qaliycsi" {light, rN+}
 42668 | Vaults:2 | Noticed Frederick
 42698 | Vaults:2 | HP: 7/201 [Frederick/+4 eveningstar of protection (27)]
 42698 | Vaults:2 | The Shining One protects you from harm!
 42897 | Vaults:1 | Killed Frederick
 43412 | Vaults:2 | Identified the +1 hand axe of Internal Strife {holy,
                  | Stlth+}
 44312 | Vaults:3 | Found a staircase to the Crypt.
 44738 | Vaults:3 | Reached skill level 15 in Translocations
 46689 | Vaults:4 | Found a runed translucent gate.
 46689 | Vaults:4 | Found a runed translucent gate.
 46689 | Vaults:4 | Found a runed translucent gate.
 47797 | Vaults:4 | Reached XP level 22. HP: 209/209 MP: 1/35
 48034 | Vaults:4 | Found the +18 shield of the Gong {Loud rN+ Will+ rCorr
                  | EV-5}
 48569 | Depths:3 | Reached skill level 19 in Invocations
 48694 | Depths:3 | Found a one-way gate to the infinite horrors of the Abyss.
 48859 | Depths:3 | Found a portal to a secret trove of treasure.
 49688 | Depths:3 | Noticed a golden dragon
 49688 | Depths:3 | Noticed a caustic shrike
 49704 | Depths:3 | Killed a caustic shrike
 49713 | Depths:3 | Killed a golden dragon
 49714 | Depths:3 | Reached skill level 20 in Invocations
 49881 | Depths:3 | Noticed a caustic shrike
 49887 | Depths:3 | Killed a caustic shrike
 50118 | Depths:4 | Entered Level 4 of the Depths
 50418 | Depths:4 | Noticed a golden dragon
 50670 | Depths:4 | Identified the +3 robe "Damnable Contraption" {rElec rCorr}
 50670 | Depths:4 | Noticed Boris
 50684 | Depths:4 | Killed Boris
 51139 | Depths:4 | Reached skill level 21 in Invocations
 51191 | Depths:4 | Killed a golden dragon
 51299 | Depths:4 | Noticed Grunn
 51314 | Depths:4 | Killed Grunn
 51325 | Depths:4 | Killed from afar by a black draconian

Illustrated notes

Levels and vault maps discovered:
D:1:      lemuel_arrival_hallway, layout_loops_ring,
          hellmonk_ecumenical_altar_crossroads, minmay_misc_feat_encased,
          nicolae_shop_vocational
D:2:      layout_basic, serial_shops, shop, nicolae_shop_real_fake_doors,
          nicolae_shop_getting_attention
D:3:      layout_basic, serial_shops, shop, uniq_crazy_yiuf_cottage,
          uniq_grinder
D:4:      layout_loops_ring, grunt_ministairs_1, minmay_misc_feat_alley,
          corexii_corridor_pit, uniq_robin, uniq_menkaure, uniq_eustachio
D:5:      layout_basic, serial_shops, nicolae_lakefront_shop,
          kennysheep_generic_room_8
D:6:      layout_basic, mainiacjoe_overflow_tiny_flanked
D:7:      minmay_clustersquares, layout_basic, tso_altar,
          minmay_temple_entry_tees
D:8:      layout_gridville, mainiacjoe_overflow_paths, erik_lair_orcish_takeover
D:9:      layout_grid_maze, fedhas_bush_and_centaur_altar, uniq_psyche
D:10:     minmay_the_grid_plus_closed [minmay_the_grid_spin_star,
          minmay_the_grid_armoury, minmay_the_grid_plusring,
          minmay_the_grid_doors, minmay_the_grid_prize_inner_circle],
          layout_rooms, mainiacjoe_overflow_alcove_2,
          nicolae_uskayaw_dance_studio, okawaru_humans
D:11:     layout_irregular_city, serial_shops, nicolae_shop_peninsula,
          uniq_maurice, uniq_sonja
D:12:     old_forge, layout_long_grid, hiddenorc1_lemuel, grunt_qazlal_clouds
D:13:     layout_rooms, nicolae_shop_self_help
D:14:     layout_basic, lightli_vaults_fourway_checkpoint,
          chequers_serial_rivers_small_3
D:15:     grunt_enter_depths_hoard, layout_gridville,
          nicolae_gozag_zags_fifth_avenue, minivault_16
Lair:1:   layout_misc_corridors, basic_altar, grunt_megastairs_1,
          infiniplex_staircase_pool_2, uniq_gastronok, uniq_urug
Lair:2:   layout_big_grid, spider_nest_entry_rubble, nzn_sisyphean_effort
Lair:3:   layout_regular_city, nicolae_shoals_entry_roost, beast_lair_carwin_9,
          serial_bayou_shore_b, infiniplex_staircase_pool, uniq_amaemon,
          uniq_prince_ribbit2
Lair:4:   layout_loops_ring
Lair:5:   evilmike_catoblepas_cave, layout_cave_shapes, slime_entry_1,
          lemuel_fruit_fields, serial_bayou_shore_b, lemuel_fruit_tree
Shoals:1: layout_shoals, serial_shops, shop
Shoals:2: layout_shoals
Shoals:3: layout_shoals, serial_shops, nicolae_square_shop
Shoals:4: shoals_end_simple, layout_shoals, hangedman_shoal_volcano
Spider:1: lemuel_spider_zombies, portal_ice_cave_entry_ugly_swarm, hive_lemuel
Spider:2: layout_spider_delve
Spider:3: layout_chambers, spiders_nest_ghost_moth_duel
Spider:4: grunt_spider_rune_parallel, nicolae_spider_checkerboard
Orc:1:    layout_caves, mines1_david
Orc:2:    st_orc_open, layout_diamond_mine, serial_shops,
          nicolae_shop_waterfront, basic_altar
Elf:1:    nicolae_elf_arrival_no_cutting_in_line, layout_loops_ring,
          serial_shops, shop, nicolae_elf_crossing_hall, minmay_shoptagon
Elf:2:    nicolae_elf_blades_crystal_corner, layout_gridlike, serial_shops,
          nicolae_stop_n_shop_2, minivault_20, lemuel_flamethrower_hall
Elf:3:    minmay_elf_hall_spiked, layout_rooms, solitary_fountain,
          sword_in_stone
Vaults:1: nicolae_vaults_surprise_closet, nicolae_vaults_rhombus_7,
          nicolae_vaults_theta, nicolae_vaults_storing_the_good_stuff,
          v_alt_pattern_3, nicolae_vaults_sightless_eye, v_pattern_2,
          nicolae_vaults_closet_pinwheel_5, layout_vaults_quadrants, uniq_boris,
          uniq_zenata
Vaults:2: ontoclasm_vaults_ring_square, v_misc_17, nicolae_vaults_house_1,
          nicolae_vaults_little_squares_4, nicolae_vaults_what_the_h,
          nicolae_vaults_apartment_2, hangedman_vaults_pinch,
          vaults_mumra_minichess, layout_vaults_big_room, uniq_frederick
Vaults:3: nicolae_vaults_swerve, nicolae_vaults_stairing_the_circle,
          nicolae_vaults_storage_room_glass, blue_anna_dwarven_crypt, v_misc_18,
          vaults_standard_mumra_x, ontoclasm_vaults_ring_small,
          nicolae_vaults_two_Ls, nicolae_vaults_network_barrier,
          vaults_standard_mumra_enter_the_diamond, ontoclasm_vaults_ring_square,
          vaults_room_ringed_pool, nicolae_vaults_cochlea, v_misc_23,
          ontoclasm_vaults_chip, v_misc_23, nicolae_vaults_diamond_1,
          layout_vaults_omnibox
Vaults:4: ploomutoo_gammafunk_ghost_potion_laboratory, vaults_room_fours,
          nicolae_vaults_triangles, nicolae_vaults_little_squares_5,
          nicolae_vaults_apartment_2, hellmonk_guarded_unrand_gong,
          ontoclasm_vaults_chip, ontoclasm_vaults_chip,
          nicolae_vaults_bisected_slash, hangedman_vaults_impose, v_misc_8,
          vaults_mumra_minichess_inversion, nicolae_vaults_tetromino_Z_2,
          nicolae_vaults_border_crossing, layout_vaults_big_cross
Depths:1: layout_small_grid, enter_ziggurat_a, grunt_hell_entry_dis_mu,
          minmay_microvault, serial_bayou_shore_b, nicolae_triple_integral,
          minmay_shop_grove
Depths:2: grunt_deathspiral_large, layout_cave_shapes, serial_shops,
          nicolae_lakefront_shop, hell_entry, rand_demon_pan_entry_5,
          hangedman_abyss_or_decor_jellyfish_corner
Depths:3: regret_index_malice_mire, layout_basic, nicolae_trove_entry_crossroad,
          abyss_entry, hell_entry, nicolae_kite_square_tiling_tiny
Depths:4: evilmike_zot_entry_diamond, layout_cave_pools, grunt_mini_vestibule,
          minivault_16, uniq_grunn

Skill      XL: |  1  2  3  4  5  6  7  8  9 10 11 12 13 14 15 16 17 18 19 20 21 22 |
---------------+-------------------------------------------------------------------+-----
Maces & Flails | 4 5 6 7 8 10 12 14 16 | 16.0
Invocations    | 1 2 3 4 5 7 9 10 12 15 18 21 | 21.2
Fighting       | 4 5 6 7 8 9 11 13 14 15 16 17 18 20 | 20.0
Armour         | 4 7 10 11 13 14 15 16 17 | 17.0
Translocations | 1 5 6 7 9 10 11 13 16 17 | 17.4
Shields        | 2 6 7 9 |  9.8
Evocations     | 5 8 9 |  9.6
Summonings     | 4 8 10 12 | 12.3
Spellcasting   | 3 6 9 |  9.0
Dodging        | 6 9 |  9.3

Action                     |  1- 3 |  4- 6 |  7- 9 | 10-12 | 13-15 | 16-18 | 19-21 | 22-24 || total
---------------------------+-------+-------+-------+-------+-------+-------+-------+-------++-------
  Melee: Mace              |   102 |    45 |       |       |       |       |       |       ||   147
         Flail             |       |    28 |   131 |   976 |  1125 |       |       |       ||  2260
         Morningstar       |       |       |   178 |       |   437 |  1337 |   527 |       ||  2479
         Sacred scourge    |       |       |       |       |       |       |   565 |   158 ||   723
         Eveningstar       |       |       |       |       |       |       |   474 |   231 ||   705
  Throw: Throwing net      |       |     3 |       |       |       |       |       |       ||     3
   Cast: Blink             |       |       |       |       |     2 |       |     1 |       ||     3
         Maxwell's Portabl |       |       |       |       |       |     7 |       |       ||     7
         Summon Forest     |       |       |       |       |       |       |     7 |     3 ||    10
         Manifold Assault  |       |       |       |       |       |       |    95 |    61 ||   156
 Invoke: Divine Shield     |       |     1 |     3 |     8 |     7 |     3 |     8 |     1 ||    31
         Cleansing Flame   |       |       |     3 |     2 |     3 |    12 |    15 |       ||    35
         Summon Divine War |       |       |       |     1 |       |     4 |     3 |     1 ||     9
         Brand Weapon With |       |       |       |       |       |       |     1 |       ||     1
  Evoke: Wand              |       |       |     1 |    10 |     3 |    15 |     2 |     4 ||    35
         Phantom mirror    |       |       |       |       |       |     2 |       |       ||     2
         Phial of floods   |       |       |       |       |       |       |       |     1 ||     1
    Use: Scroll            |     4 |     1 |     3 |     8 |    18 |     7 |    20 |     2 ||    63
         Potion            |       |       |     2 |     3 |     1 |     9 |    11 |     1 ||    27
 Armour: Robe              |    20 |       |       |       |       |       |       |       ||    20
         Ring mail         |    41 |    42 |    85 |       |       |       |       |       ||   168
         Scale mail        |       |       |   164 |   640 |  1505 |  1726 |  1182 |   231 ||  5448
  Dodge: Dodged            |    54 |    36 |   133 |   336 |   818 |   696 |   630 |   146 ||  2849
  Block: Other             |       |     4 |    22 |   222 |   312 |       |       |       ||   560
         Reflection        |       |       |       |     1 |    21 |    69 |    64 |       ||   155
         Buckler           |       |       |       |       |   420 |  1248 |   888 |    93 ||  2649
Riposte: Morningstar       |       |       |       |       |    15 |   453 |   167 |       ||   635
         Sacred scourge    |       |       |       |       |       |       |   118 |    14 ||   132
         Eveningstar       |       |       |       |       |       |       |    80 |    36 ||   116

Table legend: (Time is in decaauts)
 A = Elapsed time spent in this place.
 B = Non-inter-level travel time spent in this place.
 C = Inter-level travel time spent in this place.
 D = Time resting spent in this place.
 E = Time spent auto-exploring this place.
 F = Levels seen in this place.
 G = Mean time per level.
                   A        B        C        D        E       F      G
               +--------+--------+--------+--------+--------+-----+--------+
         Total |  51011 |  47135 |   3876 |   2492 |  33988 |  43 | 1186.3 |
       Dungeon |  15272 |  13429 |   1843 |    357 |  10163 |  15 | 1018.1 |
          Lair |   5626 |   5164 |    462 |    210 |   3681 |   5 | 1125.2 |
        Shoals |   4423 |   4107 |    316 |    171 |   2726 |   4 | 1105.8 |
   Spider Nest |   6203 |   5807 |    396 |    479 |   3810 |   4 | 1550.8 |
  Orcish Mines |   1423 |   1294 |    129 |     95 |    903 |   2 |  711.5 |
   Elven Halls |   4183 |   4033 |    150 |    671 |   2171 |   3 | 1394.3 |
        Vaults |   7787 |   7547 |    240 |    254 |   6240 |   4 | 1946.8 |
        Depths |   5848 |   5510 |    338 |    255 |   4172 |   4 | 1462.0 |
         Abyss |    243 |    243 |      0 |      0 |    120 |   2 |  121.5 |
               +--------+--------+--------+--------+--------+-----+--------+

Top non-repeatable levels by time:
Vaults:1: 2210 daAuts
Spider:3: 2113 daAuts
Vaults:3: 2030 daAuts
Vaults:4: 2006 daAuts
Depths:2: 1965 daAuts
   Elf:2: 1780 daAuts
Shoals:4: 1756 daAuts
Depths:3: 1743 daAuts
  Lair:5: 1729 daAuts
Spider:4: 1701 daAuts
Spider:2: 1587 daAuts
Vaults:2: 1539 daAuts
    D:14: 1455 daAuts
    D:15: 1336 daAuts
  Lair:3: 1311 daAuts
